 Dungeon Crawl Stone Soup version 0.22-a0-757-gdba82d8 (webtiles) character file.

52 Hebeh the Firebug (level 3, -4/19 HPs)
             Began as a Deep Elf Fire Elementalist on July 16, 2018.
             Slain by a sky beast (5 damage)
             ... on level 2 of the Dungeon.
             The game lasted 00:06:52 (1622 turns).

Hebeh the Firebug (Deep Elf Fire Elementalist)      Turns: 1622, Time: 00:06:53

Health: -4/19      AC:  3    Str:  5    XL:     3   Next: 60%
Magic:  1/10       EV: 13    Int: 20    God:
Gold:   128        SH:  0    Dex: 15    Spells: 3/9 levels left

rFire    . . .     SeeInvis .   a - +2 dagger (elec)
rCold    . . .     Gourm    .   (no shield)
rNeg     . . .     Faith    .   l - +0 robe
rPois    .         Spirit   .   j - +0 helmet
rElec    .         Reflect  .   (no cloak)
rCorr    .         Harm     .   (no gloves)
MR       .....                  (no boots)
Stlth    ++........             (no amulet)
HPRegen  0.06/turn              (no ring)
MPRegen  0.12/turn              (no ring)

@: no status effects
A: no striking features
a: no special abilities


You were on level 2 of the Dungeon.
You were not hungry.

You visited 1 branch of the dungeon, and saw 2 of its levels.

You collected 128 gold pieces.

Inventory:

Hand Weapons
 a - a +2 dagger of electrocution (weapon)
Missiles
 e - 91 stones (quivered)
 i - 15 arrows
Armour
 j - a +0 helmet (worn)
 l - a +0 robe (worn)
Scrolls
 b - a scroll of enchant weapon {unknown}
 f - a scroll of remove curse {unknown}
 g - 3 scrolls of blinking {unknown}
 h - a scroll of identify {unknown}
 m - a scroll of amnesia {unknown}
Potions
 k - 2 potions of curing {unknown}
Comestibles
 c - 4 rations
 d - 3 chunks of flesh


   Skills:
 - Level 2.4 Dodging
 - Level 2.4 Stealth
 + Level 3.7 Spellcasting
 * Level 2.9 Conjurations
 + Level 3.8 Fire Magic


You had 3 spell levels left.
You knew the following spells:

 Your Spells              Type           Power        Failure   Level  Hunger
a - Flame Tongue          Conj/Fire      ###..        3%          1    None
b - Throw Flame           Conj/Fire      ###...       4%          2    ##.....
c - Conjure Flame         Conj/Fire      ###.....     10%         3    ###....

Your spell library contained the following spells:

 Spells                   Type           Power        Failure   Level  Hunger
 Fireball                 Conj/Fire      ###.......   67%         5    ######.
 Sticky Flame             Conj/Fire      ###.....     32%         4    ####...
 Inner Flame              Hex/Fire       ##......     19%         3    ###....


Dungeon Overview and Level Annotations

Branches:
Dungeon (2/15)

Altars:
Qazlal


Message History

Confirm with . or Enter, or press ? or * to list all spells.
Aiming: Flame Tongue (safe; 3% risk of failure)
Press: ? - help, Shift-Dir - straight line The flame tongue hits something.
A sky beast appears from thin air!
Reactivating autopickup.
Casting: Flame Tongue (safe; 3% risk of failure)
Confirm with . or Enter, or press ? or * to list all spells.
Aiming: Flame Tongue (safe; 3% risk of failure)
Press: ? - help, Shift-Dir - straight line The flame tongue misses the sky beast.
The sky beast flickers out of sight!
Deactivating autopickup; reactivate with Ctrl-A.
Something hits you. Something shocks you.
You hit something. Something hits you. Something shocks you.
* * * LOW HITPOINT WARNING * * *
You barely miss something. Something barely misses you.
You barely miss something. Something hits you but does no damage.
You hit something. Something hits you.
* * * LOW HITPOINT WARNING * * *
Something shocks you.
You die...

##### #.# ....### ## #.#
#.... . #### ####....#
#.#.### .... .....#.####
##.#.##. ##..< ...#
#........# #....... .....
..####..#.#.#.#####..#.##.
##.#.
....$....{.###......##.###
... ...#@..#.#####.##.# #
#.# #.####...# #.##.# #.#
#.# #...#####.##.# #.# #.#
#.........##.### #.####.##
#...######......
#.######.......###.#.#
#.#.###
#..............##....#
#.#.###
#.######.###.)<##..#.#
#.#.... #....#.###.##.##
#.#####


There were no monsters in sight!

Vanquished Creatures
  An ooze (D:2)
  A worm (D:2)
  2 dart slugs
  2 leopard geckos
  3 giant cockroaches (D:1)
  3 goblins
  10 hobgoblins
  4 kobolds
  A quokka (D:2)
  4 bats
  A frilled lizard (D:2)
  2 rats
34 creatures vanquished.

Notes
Turn   | Place    | Note
-------+----------+-------------------------------------------
     0 | D:1      | Hebeh the Deep Elf Fire Elementalist began the quest for the Orb.
     0 | D:1      | Reached XP level 1. HP: 10/10 MP: 6/6
   137 | D:1      | Reached XP level 2. HP: 15/15 MP: 2/8
  1040 | D:2      | Noticed a crimson imp
  1044 | D:2      | Reached XP level 3. HP: 19/19 MP: 5/10
  1420 | D:2      | Learned a level 2 spell: Throw Flame
  1424 | D:2      | Learned a level 3 spell: Conjure Flame
  1585 | D:2      | Found a stormy altar of Qazlal.
  1611 | D:2      | Noticed a sky beast
  1622 | D:2      | Slain by a sky beast

Vault maps used:
D:1:      dpeg_arrival_court, moated_statue
D:2:      lemuel_crystal_altar, minmay_misc_feat_square

Skill      XL: |  1  2 |
---------------+-------+-----
Conjurations   | 2 |  2.9
Dodging        | |  2.4
Stealth        | |  2.4
Spellcasting   | |  3.7
Fire Magic     | |  3.8

Action                   || total
-------------------------++-------
Melee: Dagger            ||     4
       Short sword       ||     2
Throw: Stone             ||    15
 Cast: Flame Tongue      ||    60
       Throw Flame       ||     6
  Eat: Chunk             ||     2
Armor: Robe              ||     3
Dodge: Dodged            ||    19

Table legend:
 A = Spawn XP
 B = Non-spawn XP
 C = Spawn XP percentage of total XP
 D = Spawn monster count
 E = Non-spawn monster count
 F = Spawn count percentage of total count
 G = Total turns spent on level
                    A         B        C        D         E        F      G
               +---------+---------+-------+---------+---------+-------+---------
         Total |       0 |      75 |   0.0 |       0 |      34 |   0.0 |  1622
               +---------+---------+-------+---------+---------+-------+---------
           D:1 |       0 |      35 |   0.0 |       0 |      17 |   0.0 |  1040
           D:2 |       0 |      40 |   0.0 |       0 |      17 |   0.0 |   582
               +---------+---------+-------+---------+---------+-------+---------
